Map: Abiogenesis LE

Players

Kozzy - Winner!

  • Race: Protoss Protoss
  • League: Gold
  • Spawn Location: 11:00

chaz

  • Race: Terran Terran
  • League: Silver
  • Spawn Location: 5:00

VOD

Have the link to the VOD?

Description

Time

  • Played on: April 11, 2018, 5:30 a.m.
  • Length: 8:01
Show
View Real Time Build Order
Export as new Build Order

Kozzy Protoss - Winner!

Build Orders:  

Get SALT Encoding   

  12  0:00  Probe  
  13  0:13  Probe  
  14  0:20  Pylon  
  14  0:25  Probe  
  15  0:38  Probe (Chrono Boost)  
  16  0:43  Gateway  
  16  0:48  Probe (Chrono Boost)  
  17  0:51  Assimilator  
  17  0:53  Probe (Chrono Boost)  
  18  1:07  Probe  
  19  1:25  Pylon  
  19  1:26  Probe  
  19  1:28  Pylon  
  20  1:36  Cybernetics Core  
  20  1:38  Probe  
  21  1:52  Forge  
  21  1:54  Gateway  
  21  2:11  Gateway  
  21  2:16  Warp Gate  
  21  2:17  Stalker  
  23  2:27  Protoss Ground Weapons Level 1 (Chrono Boost)  
  23  2:42  Pylon, Probe  
  24  2:52  Stalker  
  25  3:07  Gateway  
  25  3:10  Assimilator  
  25  3:12  Pylon  
  25  3:24  Shield Battery  
  25  3:26  Photon Cannon  
  24  3:38  Stalker x2  
  27  3:55  Shield Battery  
  29  4:09  Probe  
  30  4:21  Probe  
  29  4:29  Photon Cannon  
  29  4:36  Stalker x3  
  35  4:40  Stalker  
  37  5:00  Stalker x2  
  37  5:04  Probe  
  42  5:32  Stalker x2  
  42  5:33  Stalker  
  42  5:35  Stalker  
  42  6:34  Stalker x4  
  50  7:08  Stalker  
  50  7:09  Stalker  
  54  7:19  Pylon  
  54  7:20  Pylon  
  54  7:28  Nexus  
  54  7:31  Pylon  
Show
View Real Time Build Order
Export as new Build Order

chaz Terran 

Build Orders:  

Get SALT Encoding   

  12  0:01  SCV  
  13  0:13  SCV  
  14  0:18  Supply Depot  
  14  0:25  SCV  
  15  0:40  SCV  
  15  0:42  Refinery  
  16  0:52  SCV  
  17  1:04  Barracks, SCV  
  18  1:05  Barracks  
  18  1:16  SCV, Refinery  
  19  1:27  Supply Depot  
  19  1:28  SCV  
  20  1:40  SCV  
  21  1:53  Barracks Reactor x2  
  21  1:55  Orbital Command  
  21  2:20  SCV  
  22  2:25  Engineering Bay  
  22  2:31  Reaper x4  
  22  2:33  SCV  
  27  2:46  SCV  
  28  3:10  Missile Turret  
  29  3:20  Missile Turret, SCV  
  29  3:22  Command Center  
  29  3:24  Factory  
  29  3:55  Reaper x2  
  31  4:02  Reaper x2  
  33  4:05  Terran Infantry Weapons Level 1  
  33  4:07  Supply Depot  
  33  4:08  Factory Tech Lab  
  33  4:13  Starport  
  33  4:16  Refinery  
  33  4:20  Missile Turret, SCV  
  33  4:23  Refinery  
  34  4:38  Planetary Fortress  
  34  4:46  SCV  
  35  4:58  SCV  
  34  5:19  Siege Tank  
  34  5:20  Starport Tech Lab  
  35  5:28  Factory, SCV  
  36  5:30  SCV  
  37  5:40  SCV  
  38  5:46  SCV  
  39  5:51  Siege Tank  
  39  5:52  SCV  
  39  5:53  Supply Depot  
  43  5:59  Hi-Sec Auto Tracking  
  40  6:04  SCV  
  38  6:14  Factory Tech Lab  
  38  6:16  SCV  
  38  6:28  SCV  
  44  6:40  SCV  
  44  6:46  Starport  
  43  6:48  Starport  
  30  7:15  Orbital Command  
  27  7:23  SCV  
  21  7:35  Factory Tech Lab  
Tags
 
Add a new tag
Caveats
  • Supply blocks, unpowered buildings, or Contaminate may cause inaccurate times.
  • Supply counts are checked every 10 seconds.